 Dungeon Crawl Stone Soup version 0.19.4-8-ga85b6b9 (console) character file.

42 Grinner the Ruffian (level 3, -1/28 HPs)
             Began as a Minotaur Transmuter on Feb 8, 2017.
             Was an Initiate of Okawaru.
             Killed from afar by Sigmund (9 damage)
             ... with a wand of flame
             ... on level 2 of the Dungeon.
             The game lasted 00:02:57 (1104 turns).

Grinner the Ruffian (Minotaur Transmuter)           Turns: 1104, Time: 00:02:57

Health: -1/28      AC:  2    Str: 14    XL:     3   Next: 35%
Magic:  3/4        EV: 12    Int: 11    God:    Okawaru [......]
Gold:   72         SH:  0    Dex: 10    Spells: 1 memorised, 3 levels left

rFire  . . .     SeeInvis .       - Unarmed
rCold  . . .     Gourm    .     b - +0 robe
rNeg   . . .     Faith    .     (no shield)
rPois  .         Spirit   .     (helmet restricted)
rElec  .         Reflect  .     (no cloak)
rCorr  .         Harm     .     (no gloves)
MR     .....                    (boots currently unavailable)
Stlth  +.........               (no amulet)
                                (no ring)
                                (no ring)

@: appendage (expiring)
A: retaliatory headbutt, horns 2, talons 3
a: End Transformation, Renounce Religion


You were on level 2 of the Dungeon.
You worshipped Okawaru.
Okawaru was noncommittal.
You were hungry.
You had grown temporary talons.
You visited 1 branch of the dungeon, and saw 2 of its levels.

You collected 72 gold pieces.

Inventory:

Missiles
 a - 22 arrows
Armour
 b - a +0 robe (worn)
Scrolls
 e - a scroll of fog {unknown}
 g - 2 scrolls of magic mapping
Potions
 f - a potion of might
 h - a potion of agility {unknown}
 i - a potion of cure mutation {unknown}
Books
 c - a book of Changes

   Spells                             Type                      Level
   a - Beastly Appendage              Transmutation                1
   b - Sticks to Snakes               Transmutation                2
   c - Spider Form                    Transmutation/Poison         3
   d - Ice Form                       Ice/Transmutation            4
   e - Blade Hands                    Transmutation                5
Comestibles
 d - 2 bread rations


   Skills:
 - Level 1.2 Fighting
 + Level 2.7 Dodging
 * Level 4.6 Unarmed Combat
 - Level 1.3 Spellcasting
 - Level 1.5 Transmutations


You had 3 spell levels left.
You knew the following spells:

 Your Spells              Type           Power        Failure   Level  Hunger
z - Beastly Appendage     Tmut           #.....       21%         1    ##.....


Dungeon Overview and Level Annotations

Branches:
Dungeon (2/15)

Altars:
Okawaru

Annotations:
D:2 Sigmund


Innate Abilities, Weirdness & Mutations

You reflexively headbutt those who attack you in melee.
You have a pair of horns on your head.
You have claws for feet.


Message History

Sigmund is moderately wounded.
You closely miss Sigmund.
Sigmund is moderately wounded.
Your transformation is almost over.
Sigmund zaps a wand.
The puff of flame hits you!
It is a wand of flame.
You barely miss Sigmund. You claw Sigmund.
Sigmund is moderately wounded.
Sigmund casts a spell at you. The puff of flame hits you!
* * * LOW HITPOINT WARNING * * *
You are too injured to fight recklessly!
You barely miss Sigmund.
Sigmund is moderately wounded.
Sigmund misses you.
You barely miss Sigmund.
Sigmund is moderately wounded.
You barely miss Sigmund.
Sigmund is moderately wounded.
Sigmund zaps a wand.
The puff of flame hits you!
You die...

#. .. #. #. #.
. #l .###
#@#####>...
#.@........
###...####
#.#####...#
#.........#
######....##
#.......#####.#
#.......'.....#
#.......#######
+.......#.....#


You could see Sigmund and a frilled lizard.

Vanquished Creatures
  An adder (D:2)
  2 dart slugs
  A ball python (D:1)
  7 goblins
  4 hobgoblins (D:1)
  3 bats (D:1)
  A frilled lizard (D:1)
  4 kobolds
  8 rats
31 creatures vanquished.

Notes
Turn   | Place    | Note
-------+----------+-------------------------------------------
     0 | D:1      | Grinner the Minotaur Transmuter began the quest for the Orb.
     0 | D:1      | Reached XP level 1. HP: 16/16 MP: 1/1
   200 | D:1      | Reached XP level 2. HP: 15/23 MP: 3/3
   285 | D:1      | Reached skill level 4 in Unarmed Combat
   877 | D:2      | Reached XP level 3. HP: 28/28 MP: 4/4
   878 | D:2      | Found an iron altar of Okawaru.
   883 | D:2      | Became a worshipper of Warmaster Okawaru
  1065 | D:2      | Noticed Sigmund
  1104 | D:2      | Killed from afar by Sigmund

Skill      XL: |  1  2 |
---------------+-------+-----
Unarmed Combat | 4 |  4.6
Fighting       | |  1.2
Dodging        | |  2.7
Spellcasting   | |  1.3
Transmutations | |  1.5

Action                   || total
-------------------------++-------
Melee: Unarmed           ||    81
       Headbutt          ||     9
       Kick              ||     1
 Cast: Beastly Appendage ||     2
  Use: Scroll            ||     4
       Potion            ||     2
Armor: Robe              ||     8
Dodge: Dodged            ||    35
